 Dungeon Crawl Stone Soup version 0.28-a0-1292-gb4563b27b3 (webtiles) character file.

Game seed: 13551304229060834075

2520 Conn the Firebug (level 9, -5/53 HPs)
             Began as an Octopode Fire Elementalist on Dec 27, 2021.
             Was a Follower of Sif Muna.
             Slain by a wyvern (17 damage)
             ... on level 8 of the Dungeon.
             The game lasted 00:13:40 (8388 turns).

Conn the Firebug (Octopode Fire Elementalist)       Turns: 8388, Time: 00:13:41

Health: -5/53      AC:  1    Str:  8    XL:     9   Next: 54%
Magic:  6/18       EV: 14    Int: 21    God:    Sif Muna [*.....]
Gold:   432        SH:  0    Dex: 12    Spells: 2/20 levels left

rFire   + . .      SeeInvis .   b - staff of conjuration
rCold   + . .      Faith    .   (no shield)
rNeg    . . .      Spirit   .   (helmet restricted)
rPois   .          Reflect  .   (no amulet)
rElec   .          Harm     .   s - ring of protection from fire
rCorr   .          Rampage  .   A - ring of protection from cold
Will    .....                   (no ring)
Stlth   ++++......              (no ring)
HPRegen 0.17/turn               (no ring)
MPRegen 0.16/turn               (no ring)
                                (no ring)
                                (no ring)

@: lethally poisoned (-5 -> -7)
A: almost no armour, amphibious, 8 rings, camouflage 1, gelatinous body 1,
(nimble swimmer 1), tentacles
a: Renounce Religion, Channel Magic


You were on level 8 of the Dungeon.
You worshipped Sif Muna.
Sif Muna was aware of your devotion.
You visited 2 branches of the dungeon, and saw 9 of its levels.

You collected 432 gold pieces.

Inventory:

Hand Weapons
 a - the +8 hand axe of the Illusory Spines {protect, rElec Str+2 Int+4}
   (You found it on level 5 of the Dungeon)

   It grants its wielder temporary protection when it strikes (+7 to AC).
   Str:       It affects your strength (+2).
   Int:       It affects your intelligence (+4).
   rElec:     It insulates you from electricity.
 j - a +4 dagger
 B - a +3 dagger of protection
Missiles
 u - 42 poisoned darts
 D - a curare-tipped dart
 I - a throwing net
Magical Staves
 b - a staff of conjuration (weapon)
Jewellery
 o - a ring of ice
 s - a ring of protection from fire (left tentacle)
 A - a ring of protection from cold (right tentacle)
 E - a +4 ring of evasion
Wands
 k - a wand of flame (19)
 K - a wand of charming (10)
Scrolls
 c - 6 scrolls of teleportation {unknown}
 f - 3 scrolls of identify {unknown}
 h - a scroll of amnesia {unknown}
 i - a scroll of brand weapon {unknown}
 n - 3 scrolls of fear {unknown}
 p - 3 scrolls of enchant armour {unknown}
 t - a scroll of enchant weapon {unknown}
 v - a scroll of noise {unknown}
 w - a scroll of summoning {unknown}
 y - a scroll of magic mapping {unknown}
 z - a scroll of torment {unknown}
 C - a scroll of acquirement {unknown}
 G - 2 scrolls of blinking {unknown}
Potions
 d - a potion of curing {unknown}
 e - a potion of cancellation {unknown}
 g - 4 potions of flight {unknown}
 l - a potion of attraction {unknown}
 m - 2 potions of heal wounds
 q - a potion of invisibility {unknown}
 r - 2 potions of brilliance {unknown}
 x - a potion of ambrosia {unknown}
 F - a potion of degeneration {unknown}
 H - a potion of resistance {unknown}
 J - a potion of berserk rage {unknown}


   Skills:
 + Level 1.0 Fighting
 + Level 3.5 Dodging
 + Level 5.2 Stealth
 + Level 0.2 Unarmed Combat
 + Level 6.2 Spellcasting
 + Level 5.3 Conjurations
 + Level 0.2 Hexes
 * Level 1.5 Summonings
 + Level 6.3 Fire Magic
 * Level 3.1 Air Magic
 * Level 2.6 Poison Magic
 * Level 3.6 Invocations


You had 2 spell levels left.
You knew the following spells:

 Your Spells              Type           Power      Damage    Failure   Level
a - Foxfire               Conj/Fire      100%       2x1d9     1%          1
b - Conjure Flame         Conj/Fire      46%        6-21      2%          3
c - Inner Flame           Hex/Fire       20%        N/A       8%          3
d - Flame Wave            Conj/Fire      46%        2d8       9%          4
e - Scorch                Fire           66%        2d8       1%          2
f - Mephitic Cloud        Conj/Pois/Air  33%        N/A       6%          3
g - Call Imp              Summ           13%        N/A       8%          2

Your spell library contained the following spells:

 Spells                   Type           Power      Damage    Failure   Level
 Magic Dart               Conj           100%       1d8       1%          1
 Summon Cactus Giant      Summ           6%         N/A       100%        6
 Borgnjor's Revivificati  Necr           3%         N/A       100%        8
 Necromutation            Tmut/Necr      3%         N/A       100%        8
 Death's Door             Necr           3%         N/A       100%        9


Dungeon Overview and Level Annotations

Branches:
Dungeon (8/15)             Temple (1/1) D:5
   Lair: D:8-11

Altars:
Cheibriados
Makhleb
Qazlal
Sif Muna
Xom

Shops:
D:2 (

Annotations:
D:3 2 transporters, Gargoyl's ghost, amateur GnAK


Innate Abilities, Weirdness & Mutations

You cannot wear most types of armour.
You are amphibious.
You can wear up to eight rings at the same time.
Your skin changes colour to match your surroundings (Stealth+).
Your rubbery body absorbs attacks. (AC +1, EV +1)
((You are camouflaged when in or above water. (Stealth+)))
You have tentacles for arms and can constrict up to eight enemies at once.


Message History

The poisoned dart hits you!
You are poisoned.
You hear a shout! x3
Casting: Inner Flame (dangerous; 8% risk of failure)
Confirm with . or Enter, or press ? or * to list all spells.
You feel a surge of power!
You conjure some foxfire!
The wyvern hisses angrily.
You feel sick.
Casting: Foxfire (safe; 1% risk of failure)
Confirm with . or Enter, or press ? or * to list all spells.
Aiming: Inner Flame (dangerous; 8% risk of failure)
Press: ? - help, Dir - move target, f - wyvern
Aim: a wyvern (ally target, chance to affect: 75%)
The wyvern is filled with an inner flame.
You feel sick.
The foxfire hits the wyvern.
Flame seeps out of the wyvern.
The wyvern is moderately wounded.
The foxfire hits the wyvern but does no damage.
The wyvern is moderately wounded.
The wyvern is engulfed in blazing flames.
Flame seeps out of the wyvern.
The wyvern bites you!
Casting: Inner Flame (dangerous; 8% risk of failure)
Confirm with . or Enter, or press ? or * to list all spells.
You feel a surge of power!
You conjure some foxfire!
You feel sick. The wyvern misses you.
Unknown command.
Your foxfire dissipates!
You feel sick.
The foxfire hits the wyvern.
Flame seeps out of the wyvern.
The wyvern is heavily wounded.
The wyvern is engulfed in blazing flames.
Flame seeps out of the wyvern.
The kobold throws a poisoned dart.
The poisoned dart completely misses you.
The wyvern bites you!
You feel sick.
Casting: Foxfire (safe; 1% risk of failure)
Confirm with . or Enter, or press ? or * to list all spells.
You feel a surge of power!
You conjure some foxfire!
You feel sick. The wyvern bites you!
* * * LOW HITPOINT WARNING * * *
The wyvern bites you!
You die...

. .. ... ....
§☼./. ###K.§...
###.°K§....
#vl.#......
##@### ..... #
##v.# ....
....###..##
.....#
........####..#
##
....####<....#
.............#
....####.....#
. #######


You could see a wyvern (inner flame, ally target), a kobold brigand and a
kobold.

Vanquished Creatures
  Eustachio (D:5)
  2 black bears (D:5)
  A sky beast (D:6)
  3 ice beasts
  A necrophage (D:3)
  3 ogres (D:5)
  2 centaurs
  A kobold brigand (D:6)
  6 scorpions
  A bullfrog (D:7)
  2 howler monkeys (D:7)
  2 centaur zombies
  A bullfrog zombie (D:6)
  A jelly (D:4)
  A centaur skeleton (D:5)
  2 hounds
  3 orc priests
  2 bullfrog skeletons
  A gnoll shaman (D:6)
  Jessica (D:3)
  2 iguanas
  4 orc wizards
  A hound zombie (D:5)
  3 gnolls (D:6)
  An adder (D:4)
  A howler monkey skeleton (D:7)
  A white imp (D:8)
  2 ufetubi
  An adder skeleton (D:5)
  3 worms
  4 dart slugs
  14 orcs
  2 endoplasms
  7 giant cockroaches
  8 goblins
  7 hobgoblins
  7 jackals (D:1)
  14 kobolds
  4 quokkas
  6 ball pythons
  5 bats
  2 frilled lizards
  7 rats
143 creatures vanquished.

Vanquished Creatures (collateral kills)
  2 foxfires (D:3)
2 creatures vanquished.

Vanquished Creatures (others)
  596 foxfires
  2 plants (D:3)
598 creatures vanquished.

Grand Total: 743 creatures vanquished

Notes
Turn   | Place    | Note
-------+----------+-------------------------------------------
     0 | D:1      | Conn the Octopode Fire Elementalist began the quest for the
                  | Orb.
     0 | D:1      | Reached XP level 1. HP: 11/11 MP: 3/3
   197 | D:1      | Reached XP level 2. HP: 17/17 MP: 0/5
   252 | D:1      | Found a faded altar of an unknown god.
   921 | D:1      | Reached XP level 3. HP: 21/21 MP: 2/6
  2164 | D:2      | Reached XP level 4. HP: 27/27 MP: 5/8
  2257 | D:2      | Found Wunyigu's Antique Weapon Shoppe.
  2635 | D:3      | Found a transporter.
  2637 | D:3      | Found a transporter.
  2637 | D:3      | Noticed Gargoyl's ghost (amateur GnAK)
  2637 | D:3      | Noticed an ogre
  2637 | D:3      | Noticed an ogre
  2655 | D:3      | Learned a level 3 spell: Conjure Flame
  2659 | D:3      | Learned a level 3 spell: Inner Flame
  2910 | D:3      | Noticed Jessica
  2917 | D:3      | Killed Jessica
  3105 | D:3      | Noticed a necrophage
  3112 | D:3      | Killed a necrophage
  3113 | D:3      | Reached XP level 5. HP: 12/32 MP: 1/9
  3804 | D:4      | Reached skill level 1 in Fighting
  3804 | D:4      | Reached XP level 6. HP: 38/38 MP: 5/11
  4466 | D:4      | Learned a level 4 spell: Flame Wave
  4475 | D:5      | Entered Level 5 of the Dungeon
  4475 | D:5      | Found a burning altar of Makhleb.
  4738 | D:5      | Reached skill level 5 in Stealth
  4738 | D:5      | Reached XP level 7. HP: 43/43 MP: 5/13
  4993 | D:5      | Found a shimmering altar of Xom.
  4996 | D:5      | Found a stormy altar of Qazlal.
  5082 | D:5      | Found a staircase to the Ecumenical Temple.
  5110 | Temple   | Entered the Ecumenical Temple
  5129 | Temple   | Became a worshipper of Sif Muna the Loreminder
  5169 | D:5      | Reached skill level 5 in Fire Magic
  5277 | D:5      | Reached skill level 1 in Invocations
  5400 | D:5      | Reached XP level 8. HP: 41/48 MP: 9/15
  5407 | D:5      | Reached skill level 5 in Spellcasting
  5489 | D:5      | Noticed Eustachio
  5497 | D:5      | Killed Eustachio
  5703 | D:5      | Identified the +8 hand axe of the Illusory Spines {protect,
                  | rElec Str+2 Int+4}
  5977 | D:6      | Learned a level 2 spell: Scorch
  5981 | D:6      | Learned a level 3 spell: Mephitic Cloud
  6118 | D:6      | Reached skill level 1 in Poison Magic
  6541 | D:6      | Reached skill level 1 in Air Magic
  6765 | D:6      | Reached skill level 5 in Conjurations
  6766 | D:6      | Reached * piety under Sif Muna
  6771 | D:6      | Reached XP level 9. HP: 36/53 MP: 0/17
  7002 | D:5      | Learned a level 2 spell: Call Imp
  7240 | D:6      | Reached skill level 1 in Summonings
  8388 | D:8      | Slain by a wyvern

Illustrated notes

Levels and vault maps discovered:
D:1:      minmay_arrival_jagged, layout_rooms,
          hellmonk_ecumenical_altar_pennies_from_heaven, hangedman_glass_teeth
D:2:      layout_loops_corners, serial_shops, shop_statue
D:3:      layout_loops_ring, gammafunk_ghost_smash, hangedman_feature_mirror,
          serial_bayou_lagoon_b, uniq_jessica
D:4:      layout_cave_pools, minmay_misc_feat_diagonals, minmay_misc_feat_rugged
D:5:      layout_basic, gammafunk_temple_overflow_forgotten, temple_pool_b,
          minmay_misc_feat_plants, uniq_eustachio
D:6:      layout_cave_pods, kennysheep_crisscross
D:7:      layout_gridville
D:8:      layout_rooms, uniq_grum
Temple:   hc_temple_tempest_star

Skill      XL: |  1  2  3  4  5  6  7  8  9 |
---------------+----------------------------+-----
Stealth        | 3 4 5 |  5.2
Spellcasting   | 3 4 5 6 |  6.2
Conjurations   | 2 3 5 |  5.3
Fire Magic     | 4 5 6 |  6.3
Fighting       | 1 |  1.0
Invocations    | 1 2 3 |  3.6
Poison Magic   | 2 |  2.6
Air Magic      | 1 3 |  3.1
Summonings     | 1 |  1.5
Dodging        | 3 |  3.5
Unarmed Combat | |  0.2
Hexes          | |  0.2

Action                   |  1- 3 |  4- 6 |  7- 9 || total
-------------------------+-------+-------+-------++-------
Melee: Unarmed           |    27 |       |       ||    27
       Constrict         |    11 |     8 |     1 ||    20
       Tentacles         |     5 |     4 |     1 ||    10
       Dagger            |    14 |    31 |       ||    45
       Staff             |       |     2 |     3 ||     5
 Cast: Foxfire           |    67 |    78 |   206 ||   351
       Inner Flame       |       |     1 |     6 ||     7
       Scorch            |       |       |     5 ||     5
       Flame Wave        |       |       |     2 ||     2
  Use: Potion            |     1 |       |       ||     1
 Stab: Sleeping          |     5 |     7 |       ||    12
Armor: Skin              |     3 |     5 |     2 ||    10
Dodge: Dodged            |    47 |    13 |    20 ||    80

Table legend: (Time is in decaauts)
 A = Elapsed time spent in this place.
 B = Non-inter-level travel time spent in this place.
 C = Inter-level travel time spent in this place.
 D = Time resting spent in this place.
 E = Time spent auto-exploring this place.
 F = Levels seen in this place.
 G = Mean time per level.
                   A        B        C        D        E       F      G
               +--------+--------+--------+--------+--------+-----+--------+
         Total |   8377 |   8209 |    168 |      0 |   6694 |   9 |  930.8 |
       Dungeon |   8340 |   8188 |    152 |      0 |   6687 |   8 | 1042.5 |
        Temple |     36 |     20 |     16 |      0 |      7 |   1 |   36.0 |
               +--------+--------+--------+--------+--------+-----+--------+

Top non-repeatable levels by time:
     D:5: 1639 daAuts
     D:6: 1368 daAuts
     D:2: 1320 daAuts
     D:1: 1306 daAuts
     D:3: 1098 daAuts
     D:7: 848 daAuts
     D:4: 739 daAuts
  Temple: 36 daAuts
     D:8: 19 daAuts
